 Dungeon Crawl Stone Soup version 0.30-a0-924-g0ad0bf95bc (webtiles) character file.

Game seed: 3768279834102318835

1011 octoduck the Magician (level 8, -2/58 HPs)
             Began as a Djinni Fire Elementalist on Mar 21, 2023.
             Was an Initiate of Ashenzari.
             Shot with an arrow by a centaur (4 damage)
             ... on level 6 of the Dungeon on Mar 22, 2023.
             The game lasted 00:18:44 (6139 turns).

octoduck the Magician (Djinni Fire Elementalist)    Turns: 6139, Time: 00:18:44

Health: -2/58      AC:  5    Str:  7    XL:     8   Next: 44%
Gold:   251        EV: 13    Int: 20    God:    Ashenzari [......] SH:  5 Dex: 13

rFire   + + .      SeeInvis .    c - +1 dagger (speed)
rCold   x . .      Faith    .    (no shield)
rNeg    . . .      Spirit   .    a - +0 robe
rPois   ∞          Reflect  +    h - +1 helmet
rElec   .          Rampage  .    j - +0 cloak of Desmomancy {Fort, Range} (curse)
rCorr   .                        (no gloves)
Will    .....                    (boots unavailable)
Stlth   ++                       u - amulet of reflection
HPRegen 0.29/turn                (no ring)
MPRegen 0.00/turn                (no ring)

@: flying
A: sickness immunity, fire resistance 2, cold vulnerability 1, float, innate
caster, HP casting, extra vitality 1
a: Renounce Religion, Shatter the Chains


You were on level 6 of the Dungeon.
You worshipped Ashenzari.
Ashenzari was noncommittal.
You visited 1 branch of the dungeon, and saw 6 of its levels.

You collected 323 gold pieces.
You spent 72 gold pieces at shops.

Inventory:

Hand Weapons
 c - a +1 dagger of speed (weapon)
 v - a +3 dagger of venom
Missiles
 n - 2 atropa-tipped darts
 q - 4 poisoned darts
Armour
 a - a +0 robe (worn)
 h - a +1 helmet (worn)
 j - the cursed +0 cloak of Desmomancy (worn) {Fort, Range}
   (You found it on level 1 of the Dungeon)

   It has a curse which improves the following skills: Fortitude: Armour and
   Shields.
   Ranged Combat: Ranged Weapons and Throwing.
 m - a +0 ring mail
 p - a +2 leather armour of cold resistance
 y - a +3 leather armour
Jewellery
 u - an amulet of reflection (around neck)
Wands
 i - a wand of iceblast (9)
 k - a wand of flame (27)
Scrolls
 b - 3 scrolls of enchant armour
 d - a scroll of silence {unknown}
 e - a scroll of brand weapon {unknown}
 f - a scroll of amnesia {unknown}
 g - 5 scrolls of teleportation
 o - 4 scrolls of fog {unknown}
 s - a scroll of summoning
 t - a scroll of enchant weapon {unknown}
 A - 2 scrolls of noise {unknown}
Potions
 l - a potion of mutation
 r - 3 potions of might {unknown}
 w - a potion of brilliance {unknown}
 x - a potion of lignification
 z - a potion of haste {unknown}
 B - a potion of cancellation {unknown}
 C - a potion of flight {unknown}


   Skills:
 - Level 4.6 Fighting
 + Level 3.1 Dodging
 - Level 1.5 Stealth
 * Level 6.3 Spellcasting


You knew the following spells:

 Your Spells              Type           Power      Damage    Failure   Level
a - Foxfire               Conj/Fire      100%       2x1d9     1%          1
b - Scorch                Fire           62%        2d8       1%          2
c - Kindle Blastsparks    Fire/Tloc/Air  62%        2d15      2%          3
d - Inner Flame           Hex/Fire       31%        N/A       2%          3
e - Flame Wave            Conj/Fire      31%        2d9       8%          4
f - Beastly Appendage     Tmut           62%        N/A       1%          1
g - Poisonous Vapours     Pois/Air       62%        N/A       1%          2
h - Vampiric Draining     Necr           31%        2d8       2%          3
Your spell library was empty.

Dungeon Overview and Level Annotations

Branches:
Dungeon (6/15)             Temple (0/1) D:5

Altars:
Ashenzari
Zin

Shops:
D:4 [(*!!

Annotations:
D:4 3 runed translucent doors, Eustachio; bande's ghost, novice GrFi
D:6 2 transporters, Foxy's ghost, novice KoBr


Innate Abilities, Weirdness & Mutations

You are immune to sickness and miasma.
You are immune to poison.
Your flesh is very heat resistant. (rF++)
You are vulnerable to cold. (rC-)
You float through the air rather than walking.
You learn spells naturally, not from books.
Your magical power is your life essence.
You have superior vitality. (+4 MHP)


Message History

Casting: Foxfire (safe; 1% risk of failure)
Confirm with . or Enter, or press ? or * to list all spells.
You conjure some foxfire!
The foxfire hits the orc priest.
The orc priest is severely wounded.
The foxfire hits the orc priest.
You kill the orc priest!
You start resting.
HP restored.
e - a scroll labelled GEAJ MYTYLO
Things that are here:
a +0 mace; a +3 leather armour
o - 4 scrolls labelled ZEOGOPLATANU (gained 1)
You now have 251 gold pieces (gained 15).
Things that are here:
a +0 club; a +0 great sword
Things that are here:
a +0 mace; a +3 leather armour
y - a +3 leather armour You need no library to learn spells.
Found a stone staircase leading up.
A centaur comes into view.
The centaur shouts!
You hear a shout!
The centaur wields a +0 shortbow.
The centaur shoots an arrow.
The arrow hits you!
Casting: Foxfire (safe; 1% risk of failure)
Confirm with . or Enter, or press ? or * to list all spells.
A cloud of volatile blastsparks flares up around you!
The centaur shoots an arrow.
The arrow completely misses you.
The centaur shoots an arrow.
The arrow closely misses you.
The centaur shoots an arrow.
The arrow hits you.
The centaur shoots an arrow.
The arrow hits you!
The centaur shoots an arrow.
The arrow barely misses you.
The centaur shoots an arrow.
The arrow hits you!
The centaur shoots an arrow.
The arrow hits you!
* * * LOW HITPOINT WARNING * * *
The centaur shoots an arrow.
The arrow hits you!
* * * LOW HITPOINT WARNING * * *
The centaur shoots an arrow.
The arrow hits you.
You die...

..##+##...##.........#
..##.##...##...##....#
..........##...##....#
..........#..........#
..........#...)......#
..........#..........#
......)...#....).....#
..........#..........#
......)...#.....@....#
.#######..#######...##
####..##..####.##...##
......#......#.......#
......'......#...c...#
......#......#.......#
#####.##.....#.......#
..OO#.##.....#.......#
##OW#.......##......##


You could see a centaur.

Vanquished Creatures
  Edmund (D:4)
  2 ogres
  A phantom (D:4)
  7 orc priests
  A jelly (D:5)
  A hound (D:6)
  2 iguanas (D:4)
  6 orc wizards
  4 gnolls
  2 adders
  2 white imps (D:6)
  A worm (D:2)
  3 dart slugs
  23 orcs
  6 ball pythons
  4 endoplasms
  3 giant cockroaches
  8 hobgoblins
  8 kobolds
  2 quokkas
  7 bats
  7 frilled lizards
  10 goblins
  10 rats
121 creatures vanquished.

Vanquished Creatures (others)
  288 foxfires
288 creatures vanquished.

Grand Total: 409 creatures vanquished

Notes
Turn   | Place    | Note
-------+----------+-------------------------------------------
     0 | D:1      | octoduck the Djinni Fire Elementalist began the quest for
                  | the Orb.
     0 | D:1      | octoduck set off with the following spells memorised:
                  | Foxfire, Scorch, Kindle Blastsparks, Inner Flame, Flame
                  | Wave.
     0 | D:1      | Reached XP level 1. HP: 15/15 MP: 0/0
   290 | D:1      | Reached skill level 1 in Fighting
   290 | D:1      | Reached XP level 2. HP: 20/22 MP: 0/0
   780 | D:1      | Reached XP level 3. HP: 26/27 MP: 0/0
   780 | D:1      | Learned a level 1 spell: Beastly Appendage
   852 | D:1      | Reached skill level 3 in Spellcasting
  1615 | D:2      | Reached XP level 4. HP: 31/32 MP: 0/0
  2806 | D:4      | Found Vamatain's Weapon Boutique.
  2859 | D:4      | Found a runed translucent gate.
  2859 | D:4      | Noticed bande's ghost (novice GrFi)
  2860 | D:4      | Found a runed translucent gate.
  2860 | D:4      | Found a runed translucent gate.
  2969 | D:4      | Found Lenieg's Antique Armour Emporium.
  2993 | D:4      | Noticed a phantom
  3005 | D:4      | Noticed a phantom
  3061 | D:4      | Reached XP level 5. HP: 16/39 MP: 0/0
  3061 | D:4      | Learned a level 2 spell: Poisonous Vapours
  3072 | D:4      | Reached skill level 4 in Spellcasting
  3189 | D:4      | Noticed Edmund
  3194 | D:4      | Found Noeneif's Distillery.
  3218 | D:4      | Killed Edmund
  3219 | D:4      | Reached XP level 6. HP: 21/46 MP: 0/0
  3350 | D:4      | Bought a potion of heal wounds for 60 gold pieces
  3350 | D:4      | Bought a potion of degeneration for 12 gold pieces
  3424 | D:4      | Found Tikuasul's Assorted Antiques.
  3433 | D:4      | Noticed an ogre
  3453 | D:4      | Killed an ogre
  3538 | D:4      | Reached skill level 5 in Spellcasting
  3538 | D:4      | Reached XP level 7. HP: 45/51 MP: 0/0
  3538 | D:4      | Learned a level 3 spell: Vampiric Draining
  3633 | D:4      | Found Heoqewk's Distillery.
  3988 | D:4      | Found a broken altar of Ashenzari.
  3992 | D:4      | Became a worshipper of Ashenzari the Shackled
  4133 | D:4      | Noticed Eustachio
  4378 | D:5      | Entered Level 5 of the Dungeon
  4411 | D:5      | Found a staircase to the Ecumenical Temple.
  4832 | D:5      | You are sucked into a shaft and drop 1 floor!
  4880 | D:6      | Reached XP level 8. HP: 25/58 MP: 0/0
  5040 | D:6      | Found a glowing silver altar of Zin.
  5257 | D:6      | Upgraded the game from 0.30-a0-920-g7493c07aab to
                  | 0.30-a0-924-g0ad0bf95bc
  5455 | D:6      | Reached skill level 6 in Spellcasting
  6023 | D:6      | Found a transporter.
  6024 | D:6      | Noticed Foxy's ghost (novice KoBr)
  6042 | D:6      | Noticed a two-headed ogre
  6047 | D:6      | Found a transporter.
  6139 | D:6      | HP: 2/58 [centaur/arrow (12)]
  6139 | D:6      | Shot with an arrow by a centaur

Illustrated notes

Levels and vault maps discovered:
D:1:      lightli_arrival_noodles, layout_loops_corners
D:2:      layout_rooms, bh_walls_and_bars
D:3:      wander_river, layout_basic, reono_crystal_passage
D:4:      layout_gridville, nicolae_ashenzari_skybound, serial_shops,
          shop_fountains, nicolae_shop_advertising_works
          [nicolae_subvault_shop_adworks], nicolae_stop_n_shop_2, shop,
          nicolae_shop_statue_plus, gammafunk_ghost_split, uniq_edmund,
          uniq_eustachio
D:5:      layout_rooms, grunt_temple_overflow_open, minmay_temple_entry_ruins,
          kennysheep_nondescript, minmay_shop_enchanted_jewellery
D:6:      layout_gridville, zin_statuary, gammafunk_ghost_smash

Skill      XL: |  1  2  3  4  5  6  7  8 |
---------------+-------------------------+-----
Fighting       | 1 2 3 4 |  4.6
Spellcasting   | 3 4 5 6 |  6.3
Dodging        | 3 |  3.1
Stealth        | |  1.5

Action                     |  1- 3 |  4- 6 |  7- 9 || total
---------------------------+-------+-------+-------++-------
  Melee: Dagger            |       |     4 |     3 ||     7
   Cast: Foxfire           |    36 |    63 |    63 ||   162
         Scorch            |     4 |    13 |    11 ||    28
         Kindle Blastspark |       |     3 |     6 ||     9
         Vampiric Draining |       |       |     2 ||     2
         Poisonous Vapours |       |       |     1 ||     1
         Flame Wave        |       |       |     2 ||     2
 Invoke: Curse Item        |       |       |     1 ||     1
    Use: Scroll            |     2 |     6 |     3 ||    11
         Potion            |       |     2 |     2 ||     4
 Armour: Robe              |     1 |     8 |    15 ||    24
         Skin              |       |    14 |       ||    14
  Dodge: Dodged            |     3 |    20 |    40 ||    63
  Block: Other             |       |     5 |    11 ||    16

Table legend: (Time is in decaauts)
 A = Elapsed time spent in this place.
 B = Non-inter-level travel time spent in this place.
 C = Inter-level travel time spent in this place.
 D = Time resting spent in this place.
 E = Time spent auto-exploring this place.
 F = Levels seen in this place.
 G = Mean time per level.
                   A        B        C        D        E       F      G
               +--------+--------+--------+--------+--------+-----+--------+
         Total |   6141 |   5930 |    211 |   2140 |   2443 |   6 | 1023.5 |
       Dungeon |   6141 |   5930 |    211 |   2140 |   2443 |   6 | 1023.5 |
               +--------+--------+--------+--------+--------+-----+--------+

Top non-repeatable levels by time:
     D:4: 1710 daAuts
     D:1: 1416 daAuts
     D:6: 1300 daAuts
     D:2: 903 daAuts
     D:3: 486 daAuts
     D:5: 324 daAuts
